 Dungeon Crawl Stone Soup version 0.20-a0-792-g09bcfd3 (webtiles) character file.

108 faboo the Sneak (level 4, -6/34 HPs)
             Began as a Vampire Assassin on Mar 1, 2017.
             Mangled by an ogre
             ... wielding a +0 giant club
              (12 damage)
             ... on level 3 of the Dungeon on Mar 2, 2017.
             The game lasted 00:39:28 (2738 turns).

faboo the Sneak (Vampire Assassin)                  Turns: 2738, Time: 00:39:29

Health: -6/34      AC:  3    Str: 10    XL:     4   Next: 58%
Magic:  0/4        EV: 12    Int: 18    God:
Gold:   169        SH:  0    Dex: 16    Spells: 3/3 levels left

rFire    . . .     SeeInvis +   n - +1 short sword (elec)
rCold    + + .     Gourm    .   (no armour)
rNeg     + + +     Faith    .   (no shield)
rPois    ∞         Spirit   +   (no helmet)
rElec    .         Reflect  .   d - +0 cloak
rCorr    .         Harm     .   A - +1 pair of gloves
MR       .....                  (no boots)
Stlth    ++++++....             r - amulet of guardian spirit
Regen    0.0/turn               (no ring)
MPRegen  0.1/turn               D - +5 ring of intelligence

@: bloodless, non-regenerating
A: fangs 3, see invisible, unbreathing
a: Bat Form


You were on level 3 of the Dungeon.
You were bloodless.

You visited 1 branch of the dungeon, and saw 4 of its levels.

You collected 169 gold pieces.

Inventory:

Hand Weapons
 a - a +2 dagger
 b - a +0 blowgun
 h - a +0 whip of pain
 i - a +0 whip
 l - a +0 short sword
 n - a +1 short sword of electrocution (weapon)
 x - a +0 hunting sling
Missiles
 e - 7 poisoned needles (quivered)
 f - 2 curare-tipped needles
 j - 28 bolts
Armour
 c - a +0 robe
 d - a +0 cloak (worn)
 u - a +0 scale mail
 A - a +1 pair of gloves (worn)
 B - a +0 leather armour
Jewellery
 r - an amulet of guardian spirit (around neck)
 D - a +5 ring of intelligence (left hand)
Scrolls
 g - a scroll of fear {unknown}
 m - 3 scrolls of identify {unknown}
 s - a scroll of enchant armour {unknown}
 t - a scroll of teleportation {unknown}
 w - 2 scrolls of remove curse {unknown}
 y - a scroll of immolation {unknown}
Potions
 k - a potion of curing {unknown}
 o - a potion of haste {unknown}
 p - a potion of might {unknown}
 q - 3 potions of heal wounds {unknown}
 v - a potion of lignification {unknown}
 z - a potion of degeneration {unknown}
 C - a potion of brilliance {unknown}


   Skills:
 + Level 2.5 Fighting
 + Level 3.1 Short Blades
 + Level 1.9 Throwing
 + Level 1.8 Dodging
 + Level 7.3 Stealth


You had 3 spell levels left.
You didn't know any spells.

Dungeon Overview and Level Annotations

Branches:
Dungeon (4/15)
 Temple: D:4-7

Altars:
Cheibriados
Gozag


Innate Abilities, Weirdness & Mutations

You do not heal naturally.
You are immune to poison.
You have razor-sharp teeth.
You have supernaturally acute eyesight. (SInv)
You can survive without breathing.


Message History

There are no items here.
e - 7 poisoned needles (gained 1) Number of times to repeat, then command key: Number of times to repeat, then command key: Number of times to repeat, then command key:
There is an open door here.
Number of times to repeat, then command key: The ogre shouts!
You see here a scale mail.
The ogre hits you with a giant club!!
Ouch! That really hurt!
* * * LOW HITPOINT WARNING * * *
Things that are here:
a mace; a leather armour You don't have enough magic at the moment.
You hit the ogre. Lightning courses through the ogre! You bite the ogre.
You draw the ogre's blood!
You feel better.
You feel slightly less thirsty.
The ogre is severely wounded.
The ogre hits you with a giant club!
You die...

.............'........#
......#.######........#
.##.#.#...............#
.##.#.#...............#
.##.#.........##'######
....##........ #.# #########
..#.##..####+# #.# #.......#####
#.#.##..# #.# #[# #............
#.#.##..####.###@# #.##.##.#.##.
... ..........O># #.##....#.##.
#.# ##.###..########.##.####.##.
..#+###...............##.####.##.
#........##..########.##......##.
#........##.........#.##.####)##.
#........##.<.......#.........##.
..........#.........#.#######.##.
#.#+###.#.#.........#.#######.##.


You could see an ogre.

Vanquished Creatures
  An orc wizard (D:4)
  An adder (D:2)
  2 oozes
  2 dart slugs
  5 leopard geckos
  3 orcs (D:3)
  2 bats (D:2)
  A giant cockroach (D:2)
  9 goblins
  3 hobgoblins
  2 jackals (D:2)
  A quokka (D:3)
  2 ball pythons
  4 frilled lizards
  7 kobolds
  6 rats
51 creatures vanquished.

Notes
Turn   | Place    | Note
-------+----------+-------------------------------------------
     0 | D:1      | faboo the Vampire Assassin began the quest for the Orb.
     0 | D:1      | Reached XP level 1. HP: 16/16 MP: 1/1
     2 | D:1      | Noticed an electric eel
    67 | D:1      | Reached skill level 6 in Stealth
   302 | D:1      | Reached XP level 2. HP: 18/22 MP: 2/2
   800 | D:1      | Reached XP level 3. HP: 20/27 MP: 3/3
   972 | D:2      | Reached skill level 7 in Stealth
  1352 | D:2      | Found a snail-covered altar of Cheibriados.
  1558 | D:2      | Found an opulent altar of Gozag.
  1915 | D:3      | Reached XP level 4. HP: 34/34 MP: 4/4
  2734 | D:3      | Noticed an ogre
  2738 | D:3      | Mangled by an ogre

Vault maps used:
D:1:      arrival_aquarium_a
D:2:      overflow_temple_1_default, eino_curves_03, grunt_gozag_breadcrumbs
D:3:      uniq_terence
D:4:      first_bread, minivault_23, minmay_misc_feat_ornament, trog_wizard

Skill      XL: |  1  2  3  4 |
---------------+-------------+-----
Stealth        | 6 7 |  7.3
Fighting       | 2 |  2.5
Short Blades   | 3 |  3.1
Throwing       | |  1.9
Dodging        | |  1.8

Action                   |  1- 3 |  4- 6 || total
-------------------------+-------+-------++-------
Melee: Dagger            |    78 |       ||    78
       Bite              |    12 |     1 ||    13
       Short sword       |    37 |    18 ||    55
 Stab: Sleeping          |       |     4 ||     4
  Eat: Corpse            |     1 |       ||     1
Armor: Robe              |    19 |     1 ||    20
Dodge: Dodged            |    55 |     9 ||    64
